 Dungeon Crawl Stone Soup version 0.30-b1-5-g8e6c1be481 (webtiles) character file.

Game seed: 2262793362994573657

63 ChrisAssaf the Stinger (level 4, 0/33 HPs)
             Began as a Hill Orc Venom Mage on May 4, 2023.
             Was a Follower of Elyvilon.
             Succumbed to an adder's poison
             ... on level 3 of the Dungeon.
             The game lasted 00:05:12 (783 turns).

ChrisAssaf the Stinger (Hill Orc Venom Mage)         Turns: 783, Time: 00:05:13

Health: 0/33       AC:  2    Str: 10    XL:     4   Next: 10%
Magic:  0/7        EV: 12    Int: 17    God:    Elyvilon [*.....]
Gold:   34         SH:  0    Dex: 11    Spells: 4/7 levels left

rFire   + . .        (no weapon)
rCold   + . .        (no shield)
rNeg    . . .        a - +0 robe
rPois   +            (no helmet)
rElec   +            c - scarf {shadows}
rCorr   +            (no gloves)
SInv    .            (no boots)
Will    .....        (no amulet)
Stlth   ++           (no ring)
HPRegen 0.25/turn    (no ring)
MPRegen 0.10/turn

%: no passive effects
@: lethally poisoned (0 -> -1), resistant
A: no striking features
a: Renounce Religion, Purification


You were on level 3 of the Dungeon.
You worshipped Elyvilon.
Elyvilon was aware of your devotion.
You visited 1 branch of the dungeon, and saw 3 of its levels.

You collected 34 gold pieces.

Inventory:

Armour
 a - a +0 robe (worn)
 c - a scarf of shadows (worn)
Scrolls
 d - 4 scrolls of identify
 e - a scroll of blinking


   Skills:
 + Level 0.1 Fighting
 * Level 2.0 Dodging
 * Level 1.9 Stealth
 * Level 2.0 Spellcasting
 * Level 1.0 Transmutations
 * Level 0.7 Air Magic
 * Level 3.3 Poison Magic


You had 4 spell levels left.
You knew the following spells:

 Your Spells              Type           Power      Damage    Failure   Level
a - Sting                 Tmut/Pois      36%        1d4       8%          1
b - Poisonous Vapours     Pois/Air       16%        N/A       13%         2

Your spell library contained the following spells:

 Spells                   Type           Power      Damage    Failure   Level
 Mephitic Cloud           Conj/Pois/Air  6%         N/A       32%         3
 Olgreb's Toxic Radiance  Pois           13%        N/A       43%         4


Dungeon Overview and Level Annotations

Branches:
Dungeon (3/15)

Altars:
Dithmenos
Elyvilon

Annotations:
D:2 Robin


Message History

The adder bites you.
Unknown command.
The adder bites you.
* * * LOW HITPOINT WARNING * * *
The adder barely misses you. The adder bites you.
* * * LOW HITPOINT WARNING * * *
The adder attacks as you move away! The adder bites you but does no damage.
The adder barely misses you. The adder attacks as you move away!
The adder barely misses you.
The adder looks more healthy.
The adder bites you.
* * * LOW HITPOINT WARNING * * *
You are lethally poisoned!
The adder poisons you!
Casting: Sting (safe; 9% risk of failure)
Confirm with . or Enter, or press ? or * to list all spells.
Aiming: Sting (safe; 9% risk of failure)
Press: ? - help, Shift-Dir - straight line, f/p - adder
Aim: an adder (severely wounded, 48% to hit)
The sting hits the adder.
The adder is poisoned.
The adder is almost dead.
* * * LOW HITPOINT WARNING * * *
You feel sick.
You kill the adder!
Your Dodging skill increases to level 2!
You have reached level 4!
You aren't carrying any potions.
There is a lethal amount of poison in your body!
There is a lethal amount of poison in your body!
There is a lethal amount of poison in your body!
There is a lethal amount of poison in your body!
There is a lethal amount of poison in your body!
* * * LOW HITPOINT WARNING * * *
You feel sick.
* * * LOW HITPOINT WARNING * * *
You feel sick.
* * * LOW HITPOINT WARNING * * *
You feel sick.
You die...

#. #.## # #..
$#.##.#########
#..###...#.#.†...).#
#.........#@#####.# #######
#.#######..†#####.####......
##.#.....#.#.##............#
#..#._.<.#.#........$##.##.#
#..#.....#....#.......#.#
#..#######.#............#
#..........##.#.......###
#...########.........###
#... ........$.......


There were no monsters in sight!

Vanquished Creatures
  Terence (D:3)
  An adder (D:3)
  A dart slug (D:3)
  A ball python (D:2)
  4 bats
  2 endoplasms (D:2)
  A giant cockroach (D:1)
  2 goblins
  A hobgoblin (D:2)
  2 jackals (D:1)
  4 kobolds
  A quokka (D:2)
  A frilled lizard (D:1)
  4 rats
26 creatures vanquished.

Notes
Turn   | Place    | Note
-------+----------+-------------------------------------------
     0 | D:1      | ChrisAssaf the Hill Orc Venom Mage began the quest for the
                  | Orb.
     0 | D:1      | Reached XP level 1. HP: 14/14 MP: 3/3
   152 | D:1      | Reached skill level 3 in Poison Magic
   152 | D:1      | Reached XP level 2. HP: 20/20 MP: 2/4
   187 | D:1      | Learned a level 2 spell: Poisonous Vapours
   261 | D:2      | Noticed Robin
   456 | D:2      | Found a shadowy altar of Dithmenos.
   517 | D:3      | Found a faded altar of an unknown god.
   520 | D:3      | Prayed at the altar of an unknown god.
   520 | D:3      | Became a worshipper of Elyvilon the Healer
   520 | D:3      | Reached * piety under Elyvilon
   561 | D:2      | Reached XP level 3. HP: 5/26 MP: 1/5
   711 | D:3      | Noticed Terence
   737 | D:3      | Killed Terence
   738 | D:3      | Reached skill level 1 in Transmutations
   780 | D:3      | Reached XP level 4. HP: 3/33 MP: 0/7
   782 | D:3      | HP: 1/33 [poisoned by an adder]
   783 | D:3      | Succumbed to an adder's poison

Illustrated notes

Levels and vault maps discovered:
D:1:      lemuel_arrival_muddy, layout_basic
D:2:      layout_basic, basic_altar, roderic_cross_of_infinity, uniq_natasha,
          uniq_robin
D:3:      minmay_wonky_spiral, layout_loops_cross, minitemple,
          nicolae_ecumenical_oubliette, uniq_sigmund, uniq_ijyb, uniq_terence

Skill      XL: |  1  2  3 |
---------------+----------+-----
Poison Magic   | 3 |  3.3
Spellcasting   | 2 |  2.0
Transmutations | 1 |  1.0
Dodging        | 2 |  2.0
Fighting       | |  0.1
Stealth        | |  1.9
Air Magic      | |  0.7

Action                     |  1- 3 |  4- 6 || total
---------------------------+-------+-------++-------
   Cast: Sting             |    29 |       ||    29
         Poisonous Vapours |    13 |       ||    13
    Use: Scroll            |     1 |       ||     1
         Potion            |     2 |       ||     2
 Armour: Robe              |    21 |       ||    21
  Dodge: Dodged            |    91 |       ||    91
